 Seeded DCSS version 0.28-a0-312-gbced6e68ee (webtiles) character file.

Game seed: 7704828258330008827 (custom seed)

14 voltaire321 the Conjurer (level 2, -3/16 HPs)
             Began as a Deep Elf Conjurer on Aug 31, 2021.
             Slain by a goblin (4 damage)
             ... on level 1 of the Dungeon.
             The game lasted 00:01:29 (292 turns).

voltaire321 the Conjurer (Deep Elf Conjurer)         Turns: 292, Time: 00:01:30

Health: -3/16      AC:  2    Str:  4    XL:     2   Next: 31%
Magic:  8/8        EV: 12    Int: 22    God:
Gold:   483        SH:  0    Dex: 13    Spells: 6/7 levels left

rFire   . . .      SeeInvis .   (no weapon)
rCold   . . .      Faith    .   (no shield)
rNeg    . . .      Spirit   .   a - +0 robe
rPois   .          Reflect  .   (no helmet)
rElec   .          Harm     .   (no cloak)
rCorr   .          Rampage  .   (no gloves)
Will    .....                   (no boots)
Stlth   ++........              (no amulet)
HPRegen 0.05/turn               (no ring)
MPRegen 0.11/turn               (no ring)

@: no status effects
A: no striking features
a: no special abilities


You were on level 1 of the Dungeon.
You visited 1 branch of the dungeon, and saw 1 of its levels.

You collected 483 gold pieces.

Inventory:

Armour
 a - a +0 robe (worn)
Jewellery
 e - the ring of the Heron {rF+ rC+ Dex+6}
   (You acquired it on level 1 of the Dungeon)

   [ring of dexterity]

   Dex:       It affects your dexterity (+6).
   rF:        It protects you from fire.
   rC:        It protects you from cold.
 f - a ring of protection from cold
Scrolls
 b - a scroll of identify {unknown}
 c - a scroll of vulnerability {unknown}
Potions
 d - a potion of flight {unknown}


   Skills:
 + Level 0.5 Fighting
 + Level 2.7 Dodging
 - Level 2.4 Stealth
 + Level 3.3 Spellcasting
 + Level 4.6 Conjurations


You had 6 spell levels left.
You knew the following spells:

 Your Spells              Type           Power      Damage    Failure   Level
a - Magic Dart            Conj           92%        1d7       1%          1

Your spell library contained the following spells:

 Spells                   Type           Power      Damage    Failure   Level
 Searing Ray              Conj           46%        3d4       2%          2
 Dazzling Flash           Conj/Hex       26%        N/A       14%         3
 Fulminant Prism          Conj/Hex       6%         3d7       43%         4
 Iskenderun's Mystic Bla  Conj/Tloc      13%        2d5       43%         4


Dungeon Overview and Level Annotations

Branches:
Dungeon (1/15)

Altars:

Shops:
D:1 :


Message History

The magic dart hits the hobgoblin.
You kill the hobgoblin!
You start resting.
Magic restored.
Something appears at your feet!
e - the ring of the Heron {rF+ rC+ Dex+6} You now have 483 gold pieces (gained 14).
You see here a +0 whip.
f - a ring of protection from cold A giant cockroach comes into view.
The giant cockroach closely misses you. The giant cockroach bites you.
The giant cockroach barely misses you. The giant cockroach bites you.
The giant cockroach closely misses you. The giant cockroach misses you.
The giant cockroach bites you but does no damage. x2
The giant cockroach barely misses you. The giant cockroach closely misses you.
The giant cockroach bites you. The giant cockroach barely misses you.
The giant cockroach bites you. The giant cockroach barely misses you.
The giant cockroach misses you.
The giant cockroach completely misses you.
The giant cockroach misses you. The giant cockroach closely misses you.
The goblin shouts!
The giant cockroach bites you. x2
The goblin hits you but does no damage. The giant cockroach closely misses you.
The goblin hits you but does no damage. The giant cockroach barely misses you.
The goblin closely misses you. The giant cockroach bites you.
The goblin misses you. The giant cockroach misses you.
The giant cockroach completely misses you.
The goblin hits you with a +0 club.
* * * LOW HITPOINT WARNING * * *
The giant cockroach closely misses you. The goblin hits you with a +0 club.
* * * LOW HITPOINT WARNING * * *
The giant cockroach barely misses you. The goblin hits you with a +0 club.
You die...

#######..################.##(##
#.......K................. #)#
.#####g####.#..#...###### #.#
#l###....###..## #.#
##.##.)##.#.#...# #.#
#g.##.##.#.#....# #K#
#.###..##.#.##†.# #.# #.#
##..g#B#)##.# #.#
#.####.#####.#@#.##..# ###.#
#.......lg....###.....# #...#
#..............#..###.# #.###
#.#####.###.##...##
#)#####.#### #.# #.######
#........... #.. ...
###.###.#### #####.#. #.# #.#
..... #.# #.# ### .. #.# #.#


You could see a giant cockroach and a goblin.

Vanquished Creatures
  2 endoplasms (D:1)
  3 goblins (D:1)
  2 hobgoblins (D:1)
  3 bats (D:1)
  2 frilled lizards (D:1)
  A kobold (D:1)
13 creatures vanquished.

Notes
Turn   | Place    | Note
-------+----------+-------------------------------------------
     0 | D:1      | voltaire321 the Deep Elf Conjurer began the quest for the
                  | Orb.
     0 | D:1      | Reached XP level 1. HP: 10/10 MP: 6/6
    56 | D:1      | Identified a scroll of acquirement
    56 | D:1      | Acquired 461 gold pieces
   108 | D:1      | Found Iveklaap's Book Emporium.
   113 | D:1      | Reached XP level 2. HP: 16/16 MP: 0/8
   251 | D:1      | Acquired the ring of the Heron {rF+ rC+ Dex+6}
   292 | D:1      | Slain by a goblin

Illustrated notes

Levels and vault maps discovered:
D:1:      shiori_shiawase, layout_loops_ring, serial_shops, shop,
          minmay_hexomino_u4

Action                   || total
-------------------------++-------
 Cast: Magic Dart        ||    16
  Use: Scroll            ||     2
Armor: Robe              ||     4
Dodge: Dodged            ||    25

Table legend: (Time is in decaauts)
 A = Elapsed time spent in this place.
 B = Non-inter-level travel time spent in this place.
 C = Inter-level travel time spent in this place.
 D = Time resting spent in this place.
 E = Time spent auto-exploring this place.
 F = Levels seen in this place.
 G = Mean time per level.
                   A        B        C        D        E       F      G
               +--------+--------+--------+--------+--------+-----+--------+
         Total |    292 |    292 |      0 |     55 |    105 |   1 |  292.0 |
       Dungeon |    292 |    292 |      0 |     55 |    105 |   1 |  292.0 |
               +--------+--------+--------+--------+--------+-----+--------+

Top non-repeatable levels by time:
     D:1: 292 daAuts
